 Seeded DCSS version 0.30-a0-738-g116ff8c4af (webtiles) character file.

Game seed: 7722125272328680704 (custom seed)

8752 purpskrrrp the Fiendish (level 11, -2/85 HPs)
             Began as a Demonspawn Fighter on Feb 3, 2023.
             Was a Priest of Makhleb.
             Slain by a raiju (7 damage)
             ... on level 1 of the Abyss.
             The game lasted 00:20:08 (8838 turns).

purpskrrrp the Fiendish (Demonspawn Fighter)        Turns: 8838, Time: 00:20:09

Health: -2/85      AC: 14    Str: 21    XL:     11   Next: 14%
Magic:  18/18      EV: 10    Int: 10    God:    Makhleb [***...]
Gold:   709        SH:  0    Dex: 12    Spells: 10/10 levels left

rFire   . . .      SeeInvis .    f - +7 quarterstaff (chaos)
rCold   . . .      Faith    .    (shield currently unavailable)
rNeg    . . .      Spirit   .    b - +0 scale mail
rPois   .          Reflect  .    (helmet unavailable)
rElec   .          Harm     .    g - +2 cloak {Stlth+}
rCorr   .          Rampage  .    h - +2 pair of gloves
Will    .....                    (no boots)
Stlth   ++                       (no amulet)
HPRegen 0.34/turn                n - ring of flight
MPRegen 0.16/turn                p - +4 ring of slaying

@: mighty, about to teleport, flying
A: horns 3, ignite blood 1, powered by death 1, sturdy frame 2, talons 1
a: Renounce Religion, Minor Destruction, Lesser Servant of Makhleb


You were on level 1 of the Abyss.
You worshipped Makhleb.
Makhleb was most pleased with you.
You visited 1 branch of the dungeon, and saw 9 of its levels.
You visited the Abyss 1 time.

You collected 934 gold pieces.
You spent 225 gold pieces at shops.

Inventory:

Hand Weapons
 a - a +0 war axe
 f - a +7 quarterstaff of chaos (weapon)
 m - a +0 scythe
 o - a +0 great mace
Armour
 b - a +0 scale mail (worn)
 c - a +0 buckler
 g - a +2 cloak of stealth (worn)
 h - a +2 pair of gloves (worn)
 i - a +1 kite shield
 w - +0 steam dragon scales
Jewellery
 n - a ring of flight (left hand)
 p - a +4 ring of slaying (right hand)
 t - a ring of protection from cold
 x - the ring of Satyriasis {rElec rF+ Str-3 Stlth+}
   (You found it on level 7 of the Dungeon)

   [ring of protection from fire]

   Str:       It affects your strength (-3).
   rF:        It protects you from fire.
   rElec:     It insulates you from electricity.
   Stlth:     It makes you more stealthy.
 y - the ring "Iveas" {rN+ rCorr Str-4 Slay+5 Stlth+}
   (You found it on level 7 of the Dungeon)

   [ring of positive energy]

   Str:       It affects your strength (-4).
   Slay:      It affects your accuracy & damage with ranged weapons and melee
   (+5).
   rN:        It protects you from negative energy.
   rCorr:     It protects you from acid and corrosion.
   Stlth:     It makes you more stealthy.
 z - the amulet "Foryggan" {Faith rF+ Dex+3}
   (You found it on level 7 of the Dungeon)

   [amulet of faith]

   It allows you to gain divine favour quickly.
   Dex:       It affects your dexterity (+3).
   rF:        It protects you from fire.
 A - the amulet "Cunis" {Acrobat Harm rCorr Str+4}
   (You found it on level 7 of the Dungeon)

   [amulet of the acrobat]

   It increases your evasion while moving and waiting.
   Str:       It affects your strength (+4).
   rCorr:     It protects you from acid and corrosion.
   Harm:      It increases damage dealt and taken.
Wands
 l - a wand of charming (7)
 q - a wand of light (2)
 u - a wand of flame (32)
Scrolls
 e - a scroll of teleportation
 v - 2 scrolls of enchant armour
Potions
 d - 2 potions of flight
 k - 2 potions of degeneration


   Skills:
 + Level 7.6 Fighting
 - Level 1.7 Axes
 * Level 9.0 Staves
 + Level 7.0 Armour
 - Level 2.7 Shields
 * Level 10.2 Invocations
 + Level 6.6 Evocations


You had 10 spell levels left.
You didn't know any spells.
Your spell library contained the following spells:

 Spells                   Type           Power      Damage    Failure   Level
 Beastly Appendage        Tmut           0%         N/A       45%         1
 Slow                     Hex            0%         N/A       45%         1
 Wereblood                Tmut           0%         N/A       61%         2
 Confusing Touch          Hex            0%         N/A       83%         3
 Inner Flame              Hex/Fire       0%         N/A       83%         3
 Spider Form              Tmut/Pois      0%         N/A       83%         3
 Vampiric Draining        Necr           0%         2d6       83%         3
 Vhi's Electric Charge    Tloc/Air       0%         N/A       83%         3
 Flame Wave               Conj/Fire      0%         2d4       99%         4
 Sticky Flame             Conj/Fire      0%         2d3       99%         4
 Arcjolt                  Conj/Air       0%         1d10      100%        5
 Maxwell's Capacitive Co  Air            0%         ∞         100%        8


Dungeon Overview and Level Annotations

Branches:
Dungeon (9/15)             Temple (0/1) D:7
   Lair: D:8-11         Orc: D:9-12

Altars:
Dithmenos
Makhleb
Okawaru
Ru
Sif Muna
Uskayaw
Xom

Shops:
D:6 *

Annotations:
D:9 Erolcha


Innate Abilities, Weirdness & Mutations

You have a pair of large horns on your head.
Your demonic aura sometimes causes spilled blood to erupt in flames.
You regenerate a little health from kills.
Your movements are less encumbered by armour. (ER -4)
You have sharp toenails.


Message History

The raiju barely misses you. The raiju attacks as you move away!
The raiju bites you but does no damage.
There is an open door here.
The raiju attacks as you move away! The raiju barely misses you.
The small abomination hits you!
* * * LOW HITPOINT WARNING * * *
The small abomination attacks as you move away!
The small abomination hits you but does no damage.
The small abomination is engulfed in blazing flames.
The small abomination attacks as you move away!
The small abomination hits you but does no damage.
The raiju bursts into living lightning!
The living lightning misses the raiju.
The living lightning hits you.
* * * LOW HITPOINT WARNING * * *
The raiju blinks!
The small abomination attacks as you move away!
The small abomination hits you.
* * * LOW HITPOINT WARNING * * *
The small abomination hits you but does no damage.
The raiju bites you but does no damage.
You feel very mighty all of a sudden.
The small abomination barely misses you.
You bludgeon the small abomination!!
You destroy the small abomination!
Makhleb accepts your kill.
As you read the scroll of teleportation, it crumbles to dust.
You feel strangely unstable.
You feel the power of the Abyss delaying your translocation!
You start resting.
A raiju is nearby!
You closely miss the raiju. You claw the raiju! Your headbutt misses the raiju.
The raiju is moderately wounded.
The raiju bites you but does no damage.
You sock the raiju!
The raiju suddenly seems more agile.
Your kick misses the raiju. Your headbutt misses the raiju.
The raiju is severely wounded.
The raiju bites you.
* * * LOW HITPOINT WARNING * * *
The raiju shocks you!
You die...

#...#3.....#
#.†. .#....#
...#..h.h.#
# ######h##
##.## ##.##
#.#.##.##
#...hh##
##..##@#
..#. ### ##
#


You could see 2 raiju.

Vanquished Creatures
  3 two-headed ogres (D:7)
  A two-headed ogre (shapeshifter) (D:8)
  An ugly thing (D:7)
  A smoke demon (Abyss:1)
  2 trolls (D:7)
  A hornet (D:9)
  A raiju (Abyss:1)
  A slime creature (D:7)
  3 flying skulls (Abyss:1)
  Sigmund (D:2)
  A wraith (D:7)
  A vampire (D:8)
  A steam dragon (D:7)
  A basilisk (D:7)
  A large abomination (Abyss:1)
  3 water moccasins
  Duvessa (D:4)
  A sky beast (D:7)
  An ice beast (D:6)
  An orc warrior (D:9)
  A black bear (D:7)
  A small abomination (Abyss:1)
  2 centaurs
  2 kobold brigands (D:7)
  2 gnoll sergeants
  2 scorpions
  2 bullfrogs (D:7)
  A necrophage (D:4)
  4 wights (D:8)
  Dowan (D:4)
  4 howler monkeys
  8 crimson imps (D:7)
  2 hounds (D:5)
  3 jellies (D:7)
  6 orc priests
  Crazy Yiuf (D:3)
  A gnoll bouda (D:7)
  7 iguanas
  9 orc wizards
  Terence (D:3)
  Robin (D:4)
  11 gnolls
  7 adders
  A white imp (D:7)
  2 ufetubi (D:4)
  An orc zombie (D:7)
  4 worms
  3 dart slugs
  26 orcs
  6 endoplasms
  3 hobgoblins (D:4)
  3 jackals
  4 ball pythons (D:2)
  3 bats
  15 goblins
  7 kobolds
  3 rats
187 creatures vanquished.

Vanquished Creatures (collateral kills)
  A scorpion (D:7)
  An orc (D:5)
  A jackal (D:4)
3 creatures vanquished.

Vanquished Creatures (others)
  2 fungi (D:3)
2 creatures vanquished.

Grand Total: 192 creatures vanquished

Notes
Turn   | Place    | Note
-------+----------+-------------------------------------------
     0 | D:1      | purpskrrrp the Demonspawn Fighter began the quest for the
                  | Orb.
     0 | D:1      | Reached XP level 1. HP: 18/18 MP: 1/1
   397 | D:1      | Gained mutation: You have a pair of small horns on your
                  | head. [demonic ancestry]
   397 | D:1      | Reached XP level 2. HP: 24/24 MP: 2/2
   519 | D:1      | Reached skill level 1 in Staves
   765 | D:2      | Noticed Sigmund
   776 | D:2      | Killed Sigmund
   777 | D:2      | Reached XP level 3. HP: 21/30 MP: 3/3
   777 | D:2      | Gained mutation: Your demonic aura sometimes causes spilled
                  | blood to erupt in flames. [demonic ancestry]
   777 | D:2      | Reached XP level 4. HP: 26/37 MP: 4/4
   777 | D:2      | Gained mutation: You regenerate a little health from kills.
                  | [demonic ancestry]
   777 | D:2      | Reached XP level 5. HP: 30/42 MP: 5/5
  1398 | D:3      | Found a hide-covered altar of Uskayaw.
  1630 | D:3      | Noticed Terence
  1647 | D:3      | Killed Terence
  2203 | D:3      | Found a runed translucent door.
  2204 | D:3      | Noticed Crazy Yiuf
  2492 | D:3      | HP: 1/63 [Crazy Yiuf/+4 quarterstaff of chaos (4)]
  2493 | D:3      | Killed Crazy Yiuf
  2494 | D:3      | Gained mutation: You have a pair of horns on your head.
                  | [demonic ancestry]
  2494 | D:3      | Reached XP level 6. HP: 2/48 MP: 6/6
  3104 | D:4      | Noticed Duvessa
  3104 | D:4      | Noticed Dowan
  3116 | D:4      | Killed Duvessa
  3117 | D:4      | Reached skill level 1 in Evocations
  3121 | D:4      | Killed Dowan
  3383 | D:4      | Reached XP level 7. HP: 49/55 MP: 7/7
  3649 | D:4      | Noticed Robin
  3660 | D:4      | Killed Robin
  3893 | D:5      | Entered Level 5 of the Dungeon
  3893 | D:5      | Found a burning altar of Makhleb.
  4021 | D:5      | Reached skill level 5 in Fighting
  4021 | D:5      | Reached skill level 5 in Staves
  4400 | D:5      | Became a worshipper of Makhleb the Destroyer
  4556 | D:6      | Found Veiqoo Foofu's Assorted Antiques.
  4564 | D:6      | Bought a scroll of enchant weapon for 225 gold pieces
  4578 | D:6      | Gained mutation: You have a pair of large horns on your
                  | head. [demonic ancestry]
  4578 | D:6      | Reached XP level 8. HP: 62/62 MP: 8/8
  4593 | D:6      | Reached skill level 1 in Invocations
  4624 | D:6      | Reached skill level 2 in Invocations
  4927 | D:6      | Found a shimmering blue altar of Sif Muna.
  5132 | D:6      | Reached skill level 5 in Armour
  5132 | D:6      | Reached skill level 3 in Invocations
  5371 | D:7      | Reached * piety under Makhleb
  5478 | D:7      | Found a staircase to the Ecumenical Temple.
  5560 | D:7      | Reached skill level 4 in Invocations
  5579 | D:7      | Noticed a troll
  5586 | D:7      | Killed a troll
  5587 | D:7      | Reached skill level 5 in Invocations
  5587 | D:7      | Gained mutation: Your movements are slightly less
                  | encumbered by armour. (ER -2) [demonic ancestry]
  5587 | D:7      | Reached XP level 9. HP: 38/69 MP: 12/12
  5797 | D:7      | Noticed a two-headed ogre
  5837 | D:7      | Killed a two-headed ogre
  5838 | D:7      | Reached skill level 6 in Invocations
  5838 | D:7      | Reached skill level 5 in Evocations
  6067 | D:7      | Reached skill level 7 in Invocations
  6115 | D:7      | Noticed a white ugly thing
  6118 | D:7      | Noticed a troll
  6121 | D:7      | Killed a white ugly thing
  6121 | D:7      | Reached ** piety under Makhleb
  6123 | D:7      | Killed a troll
  6124 | D:7      | Reached XP level 10. HP: 26/77 MP: 15/15
  6126 | D:7      | Noticed a two-headed ogre
  6127 | D:7      | Noticed a two-headed ogre
  6160 | D:7      | Killed a two-headed ogre
  6161 | D:7      | Reached skill level 8 in Invocations
  6163 | D:7      | Killed a two-headed ogre
  6253 | D:7      | Identified the ring of Satyriasis {rElec rF+ Str-3 Stlth+}
  6256 | D:7      | Identified the ring "Iveas" {rN+ rCorr Str-4 Slay+5 Stlth+}
  6265 | D:7      | Identified the amulet "Foryggan" {Faith rF+ Dex+3}
  6268 | D:7      | Identified the amulet "Cunis" {Acrobat Harm rCorr Str+4}
  6662 | D:7      | Reached skill level 9 in Invocations
  6784 | D:7      | Gained mutation: You have sharp toenails. [potion of
                  | mutation]
  6825 | D:8      | Found a shimmering altar of Xom.
  6825 | D:8      | Found a sacrificial altar of Ru.
  7076 | D:8      | a sky beast changed into a glowing shapeshifter
  7076 | D:8      | Noticed a glowing shapeshifter (glowing shapeshifter)
  7077 | D:8      | a glowing shapeshifter changed into a two-headed ogre
  7077 | D:8      | Noticed a two-headed ogre (glowing shapeshifter)
  7080 | D:8      | Killed a two-headed ogre
  7245 | D:8      | Found an iron altar of Okawaru.
  7334 | D:8      | Found a shadowy altar of Dithmenos.
  7888 | D:9      | Paralysed by a hornet for 2 turns
  8267 | D:9      | Noticed Erolcha
  8275 | Abyss:1  | Cast into level 1 of the Abyss (Erolcha)
  8312 | Abyss:1  | HP: 1/118 [large abomination (20)]
  8314 | Abyss:1  | Gained mutation: Your movements are less encumbered by
                  | armour. (ER -4) [demonic ancestry]
  8314 | Abyss:1  | Reached XP level 11. HP: 11/84 MP: 18/18
  8405 | Abyss:1  | Noticed a starcursed mass
  8420 | Abyss:1  | Reached skill level 10 in Invocations
  8423 | Abyss:1  | Reached *** piety under Makhleb
  8427 | Abyss:1  | Noticed a death drake
  8838 | Abyss:1  | Slain by a raiju

Illustrated notes

Levels and vault maps discovered:
D:1:      amcnicky_arrival_gap_in_the_tavern_cellar, layout_basic
D:2:      layout_basic, uniq_sigmund
D:3:      layout_loops_ring, nicolae_uskayaw_murder_on_the_dancefloor,
          uniq_terence, uniq_crazy_yiuf_cottage
D:4:      layout_cave_pods, uniq_duvessa, uniq_robin
D:5:      layout_cave_pools, bloody_makhleb
D:6:      layout_loops_ring, mainiacjoe_overflow_boulevard, serial_shops, shop
D:7:      minmay_the_grid_triangle_9x9_rhombus_full
          [minmay_the_grid_triangle_9x9_sparse_checkered,
          minmay_the_grid_triangle_9x9_stretched_checkered,
          minmay_the_grid_triangle_9x9_windchime,
          minmay_the_grid_triangle_9x9_corruption,
          minmay_the_grid_triangle_9x9_pentomino_pain,
          minmay_the_grid_triangle_9x9_odd_lines,
          minmay_the_grid_triangle_9x9_flanged_cone,
          minmay_the_grid_triangle_9x9_prize_special], layout_basic,
          minmay_temple_entry_glassed_door, minmay_stone_trees_large,
          minmay_nine_imps
D:8:      layout_loops_ring, gammafunk_temple_overflow_forgotten,
          mainiacjoe_overflow_catch_the_wave, nzn_life_drinkers
D:9:      layout_stronghold, lemuel_coloured_pillars_altar,
          erik_lair_orcish_takeover, serial_co_window_serial,
          co_window_corner_a, co_window_paths_a, co_window_corner_a,
          co_window_paths_b, co_window_of_opportunity_a, co_window_2corner,
          co_window_2corner, co_window_broadway_c, co_window_of_opportunity_b,
          co_window_paths_e, co_window_4corner_a, uniq_psyche, uniq_pikel,
          uniq_joseph, uniq_erolcha
Abyss:1:  base:
D:9

Skill      XL: |  1  2  3  4  5  6  7  8  9 10 11 |
---------------+----------------------------------+-----
Staves         | 3 4 5 6 7 8 9 |  9.0
Armour         | 3 4 5 6 7 |  7.0
Fighting       | 4 5 6 7 |  7.6
Evocations     | 2 3 4 5 6 |  6.6
Invocations    | 5 7 9 10 | 10.2
Axes           | |  1.7
Shields        | |  2.7

Action                     |  1- 3 |  4- 6 |  7- 9 | 10-12 || total
---------------------------+-------+-------+-------+-------++-------
  Melee: War axe           |    34 |    37 |       |       ||    71
         Halberd           |       |    48 |       |       ||    48
         Headbutt          |       |    14 |    29 |    22 ||    65
         Great mace        |       |     2 |       |       ||     2
         Quarterstaff      |       |    33 |   173 |   103 ||   309
         Kick              |       |       |       |    27 ||    27
  Evoke: Wand              |       |     2 |     8 |     6 ||    16
    Use: Potion            |     1 |     3 |     2 |     4 ||    10
         Scroll            |       |     3 |    11 |     4 ||    18
   Stab: Paralysed         |       |     1 |       |       ||     1
         Betrayed ally     |       |       |     1 |       ||     1
 Armour: Scale mail        |    17 |    55 |    94 |    40 ||   206
  Dodge: Dodged            |    15 |    56 |    63 |    37 ||   171
  Block: Buckler           |     9 |    13 |       |       ||    22

Table legend: (Time is in decaauts)
 A = Elapsed time spent in this place.
 B = Non-inter-level travel time spent in this place.
 C = Inter-level travel time spent in this place.
 D = Time resting spent in this place.
 E = Time spent auto-exploring this place.
 F = Levels seen in this place.
 G = Mean time per level.
                   A        B        C        D        E       F      G
               +--------+--------+--------+--------+--------+-----+--------+
         Total |   8890 |   8588 |    302 |   1794 |   5446 |  10 |  889.0 |
       Dungeon |   8319 |   8017 |    302 |   1429 |   5431 |   9 |  924.3 |
         Abyss |    571 |    571 |      0 |    365 |     15 |   1 |  571.0 |
               +--------+--------+--------+--------+--------+-----+--------+

Top non-repeatable levels by time:
     D:7: 1443 daAuts
     D:3: 1276 daAuts
     D:4: 1047 daAuts
     D:8: 973 daAuts
     D:2: 929 daAuts
     D:6: 826 daAuts
     D:1: 695 daAuts
     D:5: 631 daAuts
 Abyss:1: 571 daAuts
     D:9: 496 daAuts
